 Dungeon Crawl Stone Soup version 0.27-a0-148-g9515ab555c (webtiles) character file.

Game seed: 568114637884840044

54966 knot the Severer (level 14, -22/139 HPs)
             Began as a Demonspawn Berserker on Jan 27, 2021.
             Was a High Priest of Trog.
             Killed from afar by Frances (60 damage)
             ... with a shard of ice
             ... on level 13 of the Dungeon.
             The game lasted 00:55:42 (26053 turns).

knot the Severer (Demonspawn Berserker)            Turns: 26053, Time: 00:55:43

Health: -22/139    AC: 16    Str: 19    XL:     14   Next: 36%
Magic:  14/14      EV: 16    Int: 14    God:    Trog [*****.]
Gold:   2596       SH:  5    Dex: 13    Spells: 13/13 levels left

rFire    . . .     SeeInvis +   k - +6 battleaxe
rCold    . . .     Faith    .   (shield currently unavailable)
rNeg     . . .     Spirit   .   P - +3 ring mail {Will+}
rPois    .         Reflect  +   L - +2 hat {Will+}
rElec    .         Harm     .   i - +2 cloak
rCorr    .         Rampage  +   (gloves unavailable)
Will     ++++.                  l - +2 pair of boots {rampage}
Stlth    ..........             U - amulet of reflection
HPRegen  0.33/turn              X - ring "Cucseakas" {Will+ Str+2 SInv}
MPRegen  0.14/turn              n - +4 ring of evasion

@: berserking, very quick
A: claws 3, horns 2, mutation resistance 1, powered by death 3, MP-powered
wands, sturdy frame 2
a: Renounce Religion, Berserk, Trog's Hand, Brothers in Arms


You were on level 13 of the Dungeon.
You worshipped Trog.
Trog was extremely pleased with you.
You visited 3 branches of the dungeon, and saw 20 of its levels.
You also visited: Ice Cave.

You collected 2596 gold pieces.

Inventory:

Hand Weapons
 k - a +6 battleaxe (weapon)
 B - the +1 hand axe "Suvuassu" {flame, +Blink Str-5 Int+4}
   (You found it on level 6 of the Dungeon)

   It has been specially enchanted to burn those struck by it, causing extra
   injury to most foes and up to half again as much damage against particularly
   susceptible opponents.
   Big, fiery blades are also staple armaments of hydra-hunters.
   It affects your strength (-5).
   It affects your intelligence (+4).
   It lets you blink.
 T - the +10 fustibalus of Dismemberment {venom, rC+}
   (You found it on level 1 of the Lair of Beasts)

   It poisons the ammo it fires.
   It protects you from cold.
 W - a +0 battleaxe of freezing
Missiles
 c - 430 stones
 d - 97 poisoned darts (quivered)
 p - 8 javelins
 r - 157 sling bullets
 s - 14 boomerangs
 C - a throwing net
Armour
 i - a +2 cloak (worn)
 l - a +2 pair of boots of rampaging (worn)
 A - +0 acid dragon scales
 L - a +2 hat of willpower (worn)
 P - a +3 ring mail of willpower (worn)
Jewellery
 n - a +4 ring of evasion (right claw)
 u - an uncursed ring of fire
 y - a +6 ring of intelligence
 G - an uncursed ring of flight
 M - an uncursed ring of magical power
 N - the ring "Uphino" {Wiz rPois Int+4 Dex+5}
   (You found it on level 9 of the Dungeon)

   [ring of wizardry]

   It improves your spell success rate.
   It affects your intelligence (+4).
   It affects your dexterity (+5).
   It protects you from poison.
 U - an amulet of reflection (around neck)
 X - the ring "Cucseakas" (left claw) {Will+ Str+2 SInv}
   (You found it on level 12 of the Dungeon)

   [ring of willpower]

   It affects your strength (+2).
   It affects your willpower, your defense against some magical effects.
   It lets you see invisible.
 Z - the ring of Rughugu {+Blink rElec rC+ Will+}
   (You found it in an ice cave)

   [ring of protection from cold]

   It protects you from cold.
   It insulates you from electricity.
   It affects your willpower, your defense against some magical effects.
   It lets you blink.
Wands
 a - a wand of acid (12)
 o - a wand of enslavement (9)
 v - a wand of flame (12)
 E - a wand of paralysis (6)
 H - a wand of iceblast (27)
 K - a wand of digging (16)
 O - a wand of polymorph (15)
Scrolls
 h - 3 scrolls of magic mapping
 j - 3 scrolls of enchant armour
 q - 9 scrolls of remove curse
 t - 4 scrolls of amnesia
 x - 14 scrolls of teleportation
 F - 2 scrolls of immolation
 I - 2 scrolls of blinking
 J - a scroll of fog
 V - 2 scrolls of identify
Potions
 b - 2 potions of attraction
 e - 5 potions of curing
 f - 2 potions of heal wounds
 g - 4 potions of brilliance
 m - 8 potions of lignification
 w - 3 potions of might
 z - a potion of cancellation
 D - 2 potions of flight
 Q - a potion of haste
 S - a potion of magic
Miscellaneous
 R - a phial of floods
 Y - a box of beasts


   Skills:
 - Level 3.0 Fighting
 * Level 17.1 Axes
 - Level 3.7(10.1) Slings
 * Level 14.1(14.2) Throwing
 - Level 1.7 Armour
 - Level 1.7 Dodging


You had 13 spell levels left.
You didn't know any spells.
Your spell library contained the following spells:

 Spells                   Type           Power        Failure   Level
 Animate Skeleton         Necr           0%           30%         1
 Apportation              Tloc           0%           30%         1
 Beastly Appendage        Tmut           0%           30%         1
 Corona                   Hex            0%           30%         1
 Freeze                   Ice            0%           30%         1
 Pain                     Necr           0%           30%         1
 Summon Small Mammal      Summ           0%           30%         1
 Call Imp                 Summ           0%           43%         2
 Ensorcelled Hibernation  Hex/Ice        0%           43%         2
 Poisonous Vapours        Pois/Air       0%           43%         2
 Wereblood                Tmut           0%           43%         2
 Call Canine Familiar     Summ           0%           67%         3
 Confusing Touch          Hex            0%           67%         3
 Conjure Flame            Conj/Fire      0%           67%         3
 Dazzling Flash           Conj/Hex       0%           67%         3
 Frozen Ramparts          Ice            0%           67%         3
 Mephitic Cloud           Conj/Pois/Air  0%           67%         3
 Ozocubu's Armour         Ice            0%           67%         3
 Spider Form              Tmut/Pois      0%           67%         3
 Summon Guardian Golem    Hex/Summ       0%           67%         3
 Tukima's Dance           Hex            0%           67%         3
 Vampiric Draining        Necr           0%           67%         3
 Animate Dead             Necr           0%           97%         4
 Hailstorm                Conj/Ice       0%           97%         4
 Ice Form                 Ice/Tmut       0%           97%         4
 Summon Ice Beast         Ice/Summ       0%           97%         4
 Summon Lightning Spire   Summ/Air       0%           97%         4
 Agony                    Necr           0%           100%        5
 Blade Hands              Tmut           0%           100%        5
 Irradiate                Conj/Tmut      0%           100%        5
 Eringya's Noxious Bog    Tmut/Pois      0%           100%        6
 Freezing Cloud           Conj/Ice/Air   0%           100%        6
 Hydra Form               Tmut           0%           100%        6
 Statue Form              Tmut/Erth      0%           100%        6
 Dragon Form              Tmut           0%           100%        7


Dungeon Overview and Level Annotations

Branches:
Dungeon (13/15)            Temple (1/1) D:4            Lair (6/6) D:8
 Shoals (0/4) Lair:3       Spider (0/4) Lair:2        Slime (0/5) Lair:5
    Orc (0/2) D:11          IceCv (visited)
 Vaults: D:13-14

Altars:
Dithmenos
Fedhas
Hepliaklqana
Kikubaaqudgha
Qazlal
Ru
Beogh
Lugonu

Shops:
D:9 [   D:13 }

Portals:
Abyss: Lair:5

Annotations:
D:6 3 runed translucent doors, knot's ghost, novice DsBe
D:13 Frances


Innate Abilities, Weirdness & Mutations

You have claws for hands.
You regenerate a lot of health from kills.
Your movements are less encumbered by armour. (ER -4)
You have a pair of horns on your head.
You are somewhat resistant to further mutation.
You expend magic power (3 MP) to strengthen your wands.


Message History

Frances hits you with a +2 short sword of protection!
You are too injured to fight recklessly!
You are too injured to fight recklessly!
You slash Frances!
Frances is severely wounded.
You slash the hellwing!
Frances hits you with a +2 short sword of protection.
You slash Frances! Your headbutt misses Frances.
Frances is almost dead.
You closely miss the hellwing.
Frances hits you with a +2 short sword of protection!
* * * LOW HITPOINT WARNING * * *
The hellwing completely misses you. You block the hellwing's attack.
You barely miss Frances. Your headbutt misses Frances.
Frances is almost dead.
You closely miss the sun demon. You slice the hellwing!!
The sun demon closely misses you.
Frances mutters in a terrible tongue.
The shard of ice hits you!!!
You die...

..###...#
#.......##
#.......###
##...##...###
#..######...####
## #..#
###....###.#
##..# ###......#
#..## ###....#
#..# #@4..# ..##
#(.(..@3...# ..#
#........####
.### .....(...#
...###
....(.....
......#
..((.......
##......
#..(.......
###...
..(....(...# ##


You could see Frances (fast, extremely poisoned), a sun demon (summoned) and a
hellwing (summoned).

Vanquished Creatures
  Kirke (D:11)
  Fannar (Lair:3)
  Harold (D:7)
  2 boulder beetles
  4 hydras
  A death yak (IceCv)
  6 two-headed ogres
  2 unseen horrors
  A lindwurm (Lair:5)
  A wolf spider (Lair:2)
  14 elephants
  2 black mambas (Lair:2)
  An ice statue (IceCv)
  9 cane toads
  Maggie (D:7)
  3 kobold demonologists
  4 rime drakes
  4 komodo dragons
  3 trolls
  22 polar bears
  7 blink frogs
  11 slime creatures
  A dream sheep (Lair:6)
  A meliai zombie (D:11)
  26 yaks
  6 wyverns
  4 hogs
  3 wraiths
  A basilisk (Lair:5)
  An acid dragon (D:12)
  Duvessa (D:4)
  5 water moccasins
  3 orc warriors (D:11)
  3 sky beasts
  A black bear (D:9)
  A phantom (D:7)
  2 hornet zombies
  3 ogres
  2 necrophages
  21 wolves
  14 centaurs
  6 big kobolds
  18 bullfrogs
  A gnoll sergeant (D:4)
  2 water moccasin zombies
  Dowan (D:4)
  A water moccasin skeleton (D:5)
  6 scorpions
  17 wights
  4 killer bees
  2 electric eels (D:11)
  3 howler monkeys
  5 bullfrog zombies
  7 hounds
  A quasit (D:9)
  4 orc priests
  4 centaur skeletons
  9 jellies
  7 orc wizards
  2 bullfrog skeletons
  8 iguanas
  13 hell rats
  12 worker ants
  A bullfrog simulacrum (D:9)
  A worker ant zombie (D:7)
  11 gnolls
  8 river rats (Lair:3)
  14 adders
  2 shadow imps
  2 white imps (D:9)
  3 ufetubi
  6 oozes
  An adder zombie (D:9)
  2 adder skeletons
  A worm (D:2)
  3 leopard geckos
  53 orcs
  8 bats
  3 giant cockroaches
  9 goblins
  7 hobgoblins
  13 jackals
  6 quokkas
  3 ball pythons
  6 frilled lizards
  24 kobolds
  A quokka zombie (D:8)
  12 rats
  A lurking horror (Lair:5)
534 creatures vanquished.

Vanquished Creatures (collateral kills)
  Gastronok (D:12)
  A white draconian (IceCv)
  A hydra (D:11)
  6 death yaks (Lair:2)
  An unseen horror (D:11)
  An elephant (Lair:2)
  4 polar bears (IceCv)
  2 water moccasins
  An ice beast (D:12)
  2 orc warriors
  3 wolves (Lair:3)
  2 bullfrogs
  An orc priest (D:6)
  7 hell rats (Lair:3)
  An ooze (D:7)
  An orc (D:6)
35 creatures vanquished.

Vanquished Creatures (others)
  A polar bear (IceCv)
  2 yaks (IceCv)
  A sky beast (D:11)
  An ice beast (D:11)
  A hound (D:8)
  A bush (Lair:6)
  37 fungi
  87 plants
  9 toadstools (D:7)
140 creatures vanquished.

Grand Total: 709 creatures vanquished

Notes
Turn   | Place    | Note
-------+----------+-------------------------------------------
     0 | D:1      | knot the Demonspawn Berserker began the quest for the Orb.
     0 | D:1      | Reached XP level 1. HP: 18/18 MP: 1/1
   101 | D:1      | Reached skill level 3 in Axes
   276 | D:1      | Gained mutation: You regenerate a little health from kills.
                  | [demonic ancestry]
   276 | D:1      | Reached XP level 2. HP: 19/24 MP: 2/2
   698 | D:1      | Gained mutation: You have sharp fingernails. [demonic
                  | ancestry]
   698 | D:1      | Reached XP level 3. HP: 21/29 MP: 3/3
   950 | D:2      | Reached skill level 4 in Axes
  1563 | D:2      | Reached ** piety under Trog
  1800 | D:2      | Reached XP level 4. HP: 35/35 MP: 4/4
  2002 | D:3      | Found a stormy altar of Qazlal.
  2003 | D:3      | Noticed a fire elemental
  2005 | D:3      | Noticed a water elemental
  2005 | D:3      | Noticed an earth elemental
  2005 | D:3      | Noticed an air elemental
  2110 | D:3      | Reached skill level 5 in Axes
  2741 | D:4      | Reached XP level 5. HP: 41/41 MP: 5/5
  3333 | D:4      | Found a staircase to the Ecumenical Temple.
  3360 | D:4      | Reached skill level 6 in Axes
  3360 | D:4      | Gained mutation: You have very sharp fingernails. [demonic
                  | ancestry]
  3360 | D:4      | Reached XP level 6. HP: 47/47 MP: 6/6
  3854 | D:4      | Noticed a two-headed ogre
  3864 | D:4      | Killed a two-headed ogre
  3865 | D:4      | Reached skill level 8 in Axes
  3865 | D:4      | Gained mutation: You have claws for hands. [demonic
                  | ancestry]
  3865 | D:4      | Reached XP level 7. HP: 52/52 MP: 7/7
  4171 | D:4      | Noticed Duvessa
  4172 | D:4      | Noticed Dowan
  4184 | D:4      | Killed Duvessa
  4185 | D:4      | Reached skill level 9 in Axes
  4185 | D:4      | Reached XP level 8. HP: 58/58 MP: 8/8
  4209 | D:4      | HP: 2/58 [Dowan/shard of ice (14)]
  4210 | Temple   | Entered the Ecumenical Temple
  4439 | D:4      | Killed Dowan
  5014 | D:4      | Found a shadowy altar of Dithmenos.
  5240 | D:4      | Reached *** piety under Trog
  5424 | D:5      | Entered Level 5 of the Dungeon
  5569 | D:5      | Reached skill level 10 in Axes
  6252 | D:5      | Reached skill level 1 in Throwing
  6392 | D:5      | Found a blossoming altar of Fedhas.
  6393 | D:5      | Found a hazy altar of Hepliaklqana.
  7062 | D:6      | Reached XP level 9. HP: 63/63 MP: 9/9
  7279 | D:6      | Found a runed translucent gate.
  7279 | D:6      | Found a runed translucent gate.
  7283 | D:6      | Found a runed translucent gate.
  7285 | D:6      | Noticed knot's ghost (novice DsBe)
  7746 | D:6      | Reached **** piety under Trog
  7813 | D:6      | Reached skill level 11 in Axes
  7858 | D:5      | Noticed a rust devil
  7858 | D:5      | Noticed a rust devil
  8186 | D:6      | Got a twisted hand axe
  8188 | D:6      | Identified the +1 hand axe "Suvuassu" {flame, +Blink Str-5
                  | Int+4} (You found it on level 6 of the Dungeon)
  8500 | D:7      | Noticed Harold
  8747 | D:7      | Killed Harold
  8748 | D:7      | Reached skill level 5 in Throwing
  9164 | D:7      | Gained mutation: Your movements are slightly less
                  | encumbered by armour. (ER -2) [demonic ancestry]
  9164 | D:7      | Reached XP level 10. HP: 70/70 MP: 10/10
  9274 | D:7      | Reached skill level 12 in Axes
  9652 | D:8      | Noticed Maggie
  9915 | D:7      | Killed Maggie
  9995 | D:8      | Found Xigabowur's Assorted Antiques.
 10773 | D:8      | Identified a scroll of acquirement
 10774 | D:8      | Acquired 1219 gold pieces
 11441 | D:8      | Found a staircase to the Lair.
 12057 | D:9      | Found a sacrificial altar of Ru.
 12156 | D:9      | Noticed a two-headed ogre
 12165 | D:9      | Killed a two-headed ogre
 12483 | D:9      | Found an ancient bone altar of Kikubaaqudgha.
 12849 | D:9      | Got a bloodstained morningstar
 12864 | D:9      | Gained mutation: You regenerate health from kills. [demonic
                  | ancestry]
 12864 | D:9      | Reached XP level 11. HP: 75/75 MP: 11/11
 12909 | D:9      | Identified the Tome of Transformation and Fire
 12910 | D:9      | Got a clouded pewter ring
 12912 | D:9      | Identified the ring "Uphino" {Wiz rPois Int+4 Dex+5} (You
                  | found it on level 9 of the Dungeon)
 12920 | D:9      | Reached ***** piety under Trog
 12933 | D:9      | Reached skill level 13 in Axes
 13038 | D:9      | Found Qawionis's Armour Boutique.
 13315 | D:10     | Entered Level 10 of the Dungeon
 13320 | D:10     | Noticed a two-headed ogre
 13343 | D:9      | Killed an unseen horror
 13635 | D:10     | Killed a two-headed ogre
 14727 | D:11     | Noticed a two-headed ogre
 14736 | D:11     | Killed a two-headed ogre
 14954 | D:11     | Received a gift from Trog
 15000 | D:11     | Found a roughly hewn altar of Beogh.
 15000 | D:11     | Found a staircase to the Orcish Mines.
 15077 | D:11     | Reached skill level 10 in Throwing
 15092 | D:11     | Noticed a six-headed hydra
 15104 | D:11     | Noticed a two-headed ogre
 15110 | D:11     | Killed an unseen horror
 15112 | D:11     | Killed a six-headed hydra
 15118 | D:11     | Killed a two-headed ogre
 15119 | D:11     | Reached skill level 14 in Axes
 15130 | D:11     | Noticed a two-headed ogre
 15200 | D:11     | Killed a two-headed ogre
 15783 | D:11     | Gained mutation: You have a pair of small horns on your
                  | head. [potion of mutation]
 15783 | D:11     | Gained mutation: You expend magic power (3 MP) to
                  | strengthen your wands. [potion of mutation]
 15783 | D:11     | Gained mutation: Scrolls take you a little longer to read.
                  | [potion of mutation]
 15783 | D:11     | Gained mutation: You have a pair of horns on your head.
                  | [potion of mutation]
 15821 | D:11     | Lost mutation: Scrolls take you a little longer to read.
                  | [potion of mutation]
 15821 | D:11     | Lost mutation: You have a pair of horns on your head.
                  | [potion of mutation]
 15821 | D:11     | Gained mutation: You have a pair of horns on your head.
                  | [potion of mutation]
 15821 | D:11     | Gained mutation: You are somewhat resistant to further
                  | mutation. [potion of mutation]
 16356 | Lair:1   | Entered Level 1 of the Lair of Beasts
 16518 | Lair:1   | Gained mutation: You regenerate a lot of health from kills.
                  | [demonic ancestry]
 16518 | Lair:1   | Reached XP level 12. HP: 77/81 MP: 9/12
 16816 | Lair:1   | Got a transparent robe
 16817 | Lair:1   | Identified the cursed +1 morningstar of Pestilence {flame,
                  | +Blink Str+2} (You found it on level 9 of the Dungeon)
 16820 | Lair:1   | Identified the +1 robe of the Assorted Friars {*Corrode
                  | rPois rN+} (You found it on level 1 of the Lair of Beasts)
 16890 | Lair:1   | Got a shimmering buckler
 17033 | Lair:1   | Got a smoking fustibalus
 17635 | Lair:2   | Noticed a death yak
 17635 | Lair:2   | Noticed a death yak
 17637 | Lair:2   | Noticed a death yak
 17642 | Lair:2   | Noticed a death yak
 17643 | Lair:2   | Killed a death yak
 17646 | Lair:2   | Killed a death yak
 17646 | Lair:2   | Noticed a death yak
 17648 | Lair:2   | Killed a death yak
 17650 | Lair:2   | Noticed a death yak
 17652 | Lair:2   | Killed a death yak
 17654 | Lair:2   | Killed a death yak
 17655 | Lair:2   | Killed a death yak
 17732 | Lair:2   | Reached skill level 15 in Axes
 17791 | Lair:2   | Found a hole to the Spider Nest.
 17860 | Lair:2   | Identified the +1 buckler of the Pleiades {rPois} (You
                  | found it on level 1 of the Lair of Beasts)
 17861 | Lair:2   | Identified the +10 fustibalus of Dismemberment {venom, rC+}
                  | (You found it on level 1 of the Lair of Beasts)
 18226 | Lair:3   | Noticed Fannar
 18242 | Lair:3   | Killed Fannar
 18243 | Lair:3   | Reached skill level 1 in Slings
 18415 | Lair:3   | Found a frozen archway.
 18429 | IceCv    | Entered an ice cave
 19165 | IceCv    | Reached XP level 13. HP: 84/86 MP: 13/13
 19523 | IceCv    | Noticed a white draconian
 19543 | IceCv    | Killed a white draconian
 19585 | IceCv    | Got a sparkling wooden ring
 19603 | IceCv    | Identified the ring of Rughugu {+Blink rElec rC+ Will+}
                  | (You found it in an ice cave)
 20017 | Lair:3   | Reached skill level 16 in Axes
 20065 | Lair:3   | Found a staircase to the Shoals.
 21833 | Lair:4   | Received a gift from Trog
 22499 | Lair:5   | Found a staircase to the Slime Pits.
 22544 | Lair:5   | You fall into a shaft and drop 1 floor!
 22544 | Lair:6   | Entered Level 6 of the Lair of Beasts
 22823 | Lair:5   | Gained mutation: Your movements are less encumbered by
                  | armour. (ER -4) [demonic ancestry]
 22823 | Lair:5   | Reached XP level 14. HP: 93/93 MP: 14/14
 23120 | Lair:5   | Found a one-way gate to the infinite horrors of the Abyss.
 23299 | Lair:5   | Found a corrupted altar of Lugonu.
 24202 | D:12     | Noticed Kirke
 24323 | D:11     | Killed Kirke
 24470 | D:12     | Got a transparent copper ring
 24471 | D:12     | Identified the ring "Cucseakas" {Will+ Str+2 SInv} (You
                  | found it on level 12 of the Dungeon)
 25403 | D:12     | Reached skill level 17 in Axes
 25538 | D:12     | Noticed Gastronok
 25553 | D:12     | Killed Gastronok
 25986 | D:13     | Found Luaptojo's Gadget Shop.
 26029 | D:13     | Noticed Frances
 26053 | D:13     | Killed from afar by Frances

Illustrated notes

Levels and vault maps discovered:
D:1:      dpeg_arrival_subterranean_lakeside_camping, layout_basic,
          minmay_indecisive_spiral
D:2:      layout_basic, serial_bayou_lagoon_a
D:3:      layout_loops_ring, nicolae_qazlal_style_of_elements
D:4:      layout_basic, lemuel_round_altar, minmay_temple_entry_slanted,
          lightli_minifort, uniq_duvessa
D:5:      cheibrodos_iron_armory, layout_basic, minitemple,
          kennysheep_minor_cross
D:6:      layout_gridville, gammafunk_ghost_necromancy, minmay_door_square
D:7:      cheibrodos_fertilizer, layout_loops_ring, uniq_harold
D:8:      layout_layer_cave, lair_entry_dummy, serial_shops, nicolae_shop_trees,
          minivault_10, feat_on_display, uniq_maggie
D:9:      minmay_the_grid_plus_closed [minmay_the_grid_broken_lines,
          minmay_the_grid_x, minmay_the_grid_rooms,
          minmay_the_grid_aliased_spiral,
          minmay_the_grid_prize_four_corners_diamond_a], layout_loops_corners,
          lemuel_round_altar, serial_shops, shop_fountains,
          nicolae_ru_the_path_less_chosen
D:10:     layout_cave_pools, minivault_24
D:11:     layout_loops_ring, david_orc_5, amethyst_killhole, fungi_pond_lemuel,
          lemuel_old_faithful
D:12:     layout_basic, serial_corexii_hall, chequers_hall_statues_wall_a,
          corexii_hall_statues_s, uniq_gastronok, uniq_kirke
D:13:     layout_cave_pods, serial_shops, kennysheep_mini_moat, uniq_rupert,
          uniq_josephine, uniq_frances
Temple:   regret_index_temple_mists
Lair:1:   layout_regular_city, grunt_megastairs_4
Lair:2:   layout_gridlike, spider_nest_entry_rubble, minivault_24
Lair:3:   layout_cave_pods, minmay_shoals_entry_centaurs, portal_ice_cave_rime,
          kennysheep_rathole, uniq_fannar
Lair:4:   layout_long_grid, minmay_stone_trees_small, beast_lair_carwin_5
Lair:5:   layout_cellular_growth, minmay_slime_entry_pillars,
          chequers_serial_rivers_large_b, chequers_serial_rivers_small_3,
          amcnicky_altar_lugonu_corruption, grunt_megastairs_2,
          infiniplex_staircase_pool_2
Lair:6:   evilmike_catoblepas_cave, layout_big_grid, st_stairs_13, wad_woods_06

Skill      XL: |  1  2  3  4  5  6  7  8  9 10 11 12 13 14 |
---------------+-------------------------------------------+-----
Axes           | 3 4 5 6 8 9 10 11 12 14 15 16 17 | 17.1
Throwing       | 2 6 8 10 11 13 14 | 14.1
Slings         | 3 |  3.7
Fighting       | |  3.0
Armour         | |  1.7
Dodging        | |  1.7

Action                   |  1- 3 |  4- 6 |  7- 9 | 10-12 | 13-15 || total
-------------------------+-------+-------+-------+-------+-------++-------
Melee: Hand axe          |   144 |   162 |   346 |    67 |     3 ||   722
       Battleaxe         |       |       |       |   396 |   108 ||   504
       Headbutt          |       |       |       |    21 |    18 ||    39
 Fire: Fustibalus        |       |       |       |   121 |   664 ||   785
Throw: Dart              |     1 |     1 |    29 |    13 |       ||    44
       Boomerang         |       |       |    57 |   172 |       ||   229
       Throwing net      |       |       |     2 |       |       ||     2
Invok: Berserk           |     4 |     5 |    13 |    11 |     3 ||    36
       Trog's Hand       |       |       |     2 |     1 |       ||     3
       Brothers in Arms  |       |       |     3 |     5 |     4 ||    12
Evoke: Wand              |       |       |       |     5 |       ||     5
  Use: Potion            |       |       |     3 |    12 |       ||    15
       Scroll            |       |       |     4 |    24 |     7 ||    35
 Stab: Sleeping          |     1 |       |       |     2 |       ||     3
       Held in net/web   |       |       |     2 |       |       ||     2
       Distracted        |       |       |       |     2 |       ||     2
Armor: Ring mail         |    65 |    52 |   101 |   132 |   163 ||   513
       Animal skin       |     2 |       |       |       |       ||     2
       Acid dragon scale |       |       |       |    90 |       ||    90
Dodge: Dodged            |    92 |    76 |   144 |   314 |   319 ||   945
Block: Other             |       |       |       |    20 |    98 ||   118
       Reflection        |       |       |       |     1 |     2 ||     3

Table legend: (Time is in decaauts)
 A = Elapsed time spent in this place.
 B = Non-inter-level travel time spent in this place.
 C = Inter-level travel time spent in this place.
 D = Time resting spent in this place.
 E = Time spent auto-exploring this place.
 F = Levels seen in this place.
 G = Mean time per level.
                   A        B        C        D        E       F      G
               +--------+--------+--------+--------+--------+-----+--------+
         Total |  26276 |  25314 |    962 |   7509 |  13539 |  21 | 1251.2 |
       Dungeon |  18289 |  17589 |    700 |   5680 |   9037 |  13 | 1406.8 |
        Temple |    224 |    224 |      0 |    221 |      0 |   1 |  224.0 |
          Lair |   6365 |   6103 |    262 |   1092 |   4056 |   6 | 1060.8 |
      Ice Cave |   1397 |   1397 |      0 |    515 |    445 |   1 | 1397.0 |
               +--------+--------+--------+--------+--------+-----+--------+

Top non-repeatable levels by time:
     D:4: 2681 daAuts
     D:9: 2264 daAuts
    D:11: 1695 daAuts
     D:5: 1652 daAuts
  Lair:4: 1594 daAuts
     D:8: 1541 daAuts
     D:6: 1429 daAuts
  Lair:5: 1409 daAuts
   IceCv: 1397 daAuts
  Lair:3: 1354 daAuts
    D:12: 1350 daAuts
     D:7: 1330 daAuts
    D:10: 1211 daAuts
  Lair:1: 1043 daAuts
     D:2: 1006 daAuts
